 Dungeon Crawl Stone Soup version 0.28-a0-1510-gd0f6b136d3 (webtiles) character file.

Game seed: 2971276567422558826

1266 southernslant the Skirmisher (level 8, 0/50 HPs)
             Began as a Gargoyle Gladiator on Jan 15, 2022.
             Killed by divine providence
             ... invoked by an orc priest
              (16 damage)
             ... on level 5 of the Dungeon.
             The game lasted 00:22:14 (4208 turns).

southernslant the Skirmisher (Gargoyle Gladiator)   Turns: 4208, Time: 00:22:16

Health: 0/50       AC: 14    Str: 26    XL:     8   Next: 52%
Magic:  11/11      EV: 12    Int:  9    God:
Gold:   184        SH:  0    Dex: 11    Spells: 11/12 levels left

rFire   . . .      SeeInvis .   a - +0 trident
rCold   . . .      Faith    .   (no shield)
rNeg    + . .      Spirit   .   p - +1 leather armour {Will+}
rPois   ∞          Reflect  .   c - +0 helmet
rElec   +          Harm     .   (no cloak)
rCorr   .          Rampage  .   j - +2 pair of gloves
Will    +....                   (no boots)
Stlth   ++........              n - amulet of regeneration
HPRegen 0.96/turn               g - +6 ring of strength
MPRegen 0.12/turn               (no ring)

@: no status effects
A: sickness immunity, AC +5, negative energy resistance 1, electricity
resistance, torment resistance 1, petrification resistance
a: no special abilities


You were on level 5 of the Dungeon.
You visited 1 branch of the dungeon, and saw 5 of its levels.
You also visited: Ossuary.

You collected 184 gold pieces.

Inventory:

Hand Weapons
 a - a +0 trident (weapon)
 q - a +1 hand axe of draining
 E - a +5 flail
Missiles
 d - 2 throwing nets
 f - 90 stones (quivered)
 o - 6 poisoned darts
 F - 5 boomerangs
Armour
 c - a +0 helmet (worn)
 j - a +2 pair of gloves (worn)
 p - a +1 leather armour of willpower (worn)
Jewellery
 g - a +6 ring of strength (left hand)
 n - an amulet of regeneration (around neck)
 t - a ring of fire
Scrolls
 b - a scroll of magic mapping {unknown}
 h - 2 scrolls of enchant armour {unknown}
 i - 5 scrolls of identify {unknown}
 m - 2 scrolls of teleportation {unknown}
 r - 3 scrolls of fog {unknown}
 u - a scroll of summoning {unknown}
 v - 3 scrolls of torment {unknown}
 y - a scroll of noise {unknown}
 C - a scroll of enchant weapon {unknown}
 D - a scroll of blinking {unknown}
Potions
 e - 2 potions of curing
 k - 2 potions of heal wounds {unknown}
 l - 5 potions of attraction {unknown}
 s - 2 potions of mutation {unknown}
 w - 2 potions of lignification {unknown}
 x - a potion of might {unknown}
 z - a potion of berserk rage {unknown}
 A - a potion of ambrosia {unknown}
 B - a potion of brilliance {unknown}


   Skills:
 * Level 5.4 Fighting
 + Level 4.0 Polearms
 + Level 3.3 Throwing
 * Level 4.8 Armour
 * Level 3.9 Dodging
 + Level 1.8 Stealth
 + Level 2.5 Spellcasting
 + Level 2.7 Ice Magic


You had 11 spell levels left.
You knew the following spells:

 Your Spells              Type           Power      Damage    Failure   Level
a - Freeze                Ice            24%        1d5       12%         1

Your spell library contained the following spells:

 Spells                   Type           Power      Damage    Failure   Level
 Frozen Ramparts          Ice            12%        1d3       34%         3
 Conjure Flame            Conj/Fire      1%         6-21      71%         3
 Gell's Gravitas          Tloc           1%         N/A       71%         3
 Ignite Poison            Fire/Tmut/Pois 1%         N/A       71%         3
 Lesser Beckoning         Tloc           1%         N/A       71%         3
 Teleport Other           Tloc           1%         N/A       71%         3
 Hailstorm                Conj/Ice       3%         3d3       90%         4
 Sticky Flame             Conj/Fire      1%         2d3       98%         4


Dungeon Overview and Level Annotations

Branches:
Dungeon (5/15)            Ossuary (visited)
 Temple: D:4-7

Altars:
Vehumet
Zin

Shops:
D:2 (   D:3 (

Annotations:
D:3 2 transporters, fragbeetle's ghost, amateur MfIE


Innate Abilities, Weirdness & Mutations

You are immune to sickness and miasma.
Your stone body is resilient. (AC +5)
You are immune to poison.
You resist negative energy. (rN+)
You are resistant to electric shocks. (rElec)
You are resistant to unholy torment.
You are immune to petrification.


Message History

You hit the hound.
The hound is heavily wounded.
The hound bites you but does no damage. The hound barely misses you.
You hit the hound.
The hound is heavily wounded.
The hound closely misses you.
You barely miss the hound.
The hound is heavily wounded.
The hound bites you but does no damage. The hound barely misses you.
You barely miss the hound.
The hound is heavily wounded.
The orc shouts!
The hound bites you but does no damage.
The orc priest invokes the aid of Beogh against you.
Beogh smites you! The hound bites you.
You puncture the hound!
You kill the hound!
The orc priest invokes the aid of Beogh against you.
Beogh smites you!
You puncture the killer bee zombie!
The killer bee zombie is severely damaged.
The killer bee zombie hits you.
The killer bee zombie barely misses you.
You barely miss the killer bee zombie. You punch the killer bee zombie.
The killer bee zombie is severely damaged.
The killer bee zombie barely misses you.
The orc priest calls down the wrath of Beogh upon you.
Beogh smites you!
* * * LOW HITPOINT WARNING * * *
The killer bee zombie closely misses you.
You feel better. The killer bee zombie hits you.
* * * LOW HITPOINT WARNING * * *
The killer bee zombie closely misses you.
You completely miss the killer bee zombie.
The killer bee zombie is severely damaged.
The killer bee zombie closely misses you.
The killer bee zombie misses you.
The orc priest invokes the aid of Beogh against you.
Beogh smites you!
You die...

#.#.# #.....#... #..Z#
####...... #.#######o#
##.#... #.........# #.##.#
..........# #.##.#
########..####.# #.##.#
.>............# #.##.#
#######..###############.####
#.oooZ@)).........)# #.
#.################## #. #.#
#. #.# ## #.# #. # ## # # #


You could see an orc priest, 2 orcs and a killer bee zombie.

Vanquished Creatures
  Grinder (D:3)
  2 sky beasts (D:5)
  A scorpion (D:5)
  A water moccasin zombie (D:5)
  A bullfrog skeleton (D:4)
  3 hounds
  6 orc priests
  4 orc wizards
  2 hound skeletons
  14 mummies (Ossuary)
  4 gnolls (D:4)
  5 adders
  A worm (D:3)
  2 dart slugs (D:2)
  20 orcs
  3 bats
  3 endoplasms
  2 giant cockroaches (D:3)
  7 goblins
  3 hobgoblins
  3 kobolds
  2 quokkas
  4 ball pythons
  5 frilled lizards
  A gnoll skeleton (Ossuary)
  3 goblin skeletons (Ossuary)
  A goblin zombie (D:4)
  A kobold skeleton (Ossuary)
  3 orc skeletons (Ossuary)
  A quokka zombie (D:4)
  4 rats
  11 rat skeletons (Ossuary)
124 creatures vanquished.

Notes
Turn   | Place    | Note
-------+----------+-------------------------------------------
     0 | D:1      | southernslant the Gargoyle Gladiator began the quest for
                  | the Orb.
     0 | D:1      | Reached XP level 1. HP: 12/12 MP: 1/1
   408 | D:1      | Reached XP level 2. HP: 13/18 MP: 2/2
   791 | D:2      | Reached skill level 1 in Armour
  1134 | D:2      | Reached XP level 3. HP: 22/22 MP: 3/3
  1152 | D:2      | Found Nizuom Lial's Weapon Boutique.
  1339 | D:2      | Found a radiant altar of Vehumet.
  1780 | D:3      | Found a faded altar of an unknown god.
  1810 | D:3      | Found a transporter.
  1817 | D:3      | Noticed a phantom
  1827 | D:3      | Found Rifamyos's Weapon Boutique.
  1830 | D:3      | Noticed Grinder
  1878 | D:3      | Reached skill level 3 in Fighting
  1878 | D:3      | Reached XP level 4. HP: 16/28 MP: 3/5
  1893 | D:3      | Killed Grinder
  1894 | D:3      | Reached skill level 1 in Spellcasting
  1894 | D:3      | Reached skill level 1 in Ice Magic
  1894 | D:3      | Reached XP level 5. HP: 13/33 MP: 4/7
  1894 | D:3      | Reached XP level 6. HP: 15/38 MP: 4/8
  2208 | D:3      | Noticed fragbeetle's ghost (amateur MfIE)
  2213 | D:3      | Found a transporter.
  2441 | D:3      | Learned a level 1 spell: Freeze
  2453 | D:3      | Found a glowing silver altar of Zin.
  2454 | D:3      | Noticed an angel
  2598 | D:3      | Reached skill level 4 in Fighting
  2739 | D:4      | Found a sand-covered staircase.
  2748 | Ossuary  | Entered an ossuary
  2848 | Ossuary  | Reached XP level 7. HP: 41/43 MP: 9/9
  3900 | D:5      | Entered Level 5 of the Dungeon
  3986 | D:5      | Reached skill level 1 in Stealth
  3986 | D:5      | Reached XP level 8. HP: 39/48 MP: 11/11
  4026 | D:5      | Reached skill level 5 in Fighting
  4208 | D:5      | Killed from afar by an orc priest

Illustrated notes

Levels and vault maps discovered:
D:1:      mushboom_english_gardens, layout_basic
D:2:      layout_basic, serial_shops, nicolae_shop_crystal, basic_altar,
          kennysheep_generic_room_16
D:3:      layout_rooms, zin_angel, gammafunk_ghost_mausoleum,
          hellmonk_ecumenical_altar_run_dry, serial_shops, shop, uniq_grinder
D:4:      layout_basic, enter_ossuary_4, skrybe_limestone_x
D:5:      layout_loops_ring, portal_sewer_entry_d,
          nicolae_elevator_lobby_asterisk, uniq_sigmund

Skill      XL: |  1  2  3  4  5  6  7  8 |
---------------+-------------------------+-----
Armour         | 1 2 3 4 |  4.8
Throwing       | 2 3 |  3.3
Fighting       | 3 4 5 |  5.4
Polearms       | 3 4 |  4.0
Spellcasting   | 1 2 |  2.5
Ice Magic      | 1 2 |  2.7
Dodging        | 3 |  3.9
Stealth        | 1 |  1.8

Action                   |  1- 3 |  4- 6 |  7- 9 || total
-------------------------+-------+-------+-------++-------
Melee: Trident           |    86 |   130 |   333 ||   549
       Unarmed           |     8 |       |       ||     8
       Punch             |       |     3 |     2 ||     5
Throw: Stone             |    36 |    17 |     1 ||    54
       Throwing net      |     3 |     2 |       ||     5
       Dart              |       |     2 |     8 ||    10
 Cast: Freeze            |       |       |     1 ||     1
  Use: Potion            |     1 |       |     3 ||     4
Armor: Leather armour    |    30 |    45 |   166 ||   241
Dodge: Dodged            |    57 |    56 |   172 ||   285

Table legend: (Time is in decaauts)
 A = Elapsed time spent in this place.
 B = Non-inter-level travel time spent in this place.
 C = Inter-level travel time spent in this place.
 D = Time resting spent in this place.
 E = Time spent auto-exploring this place.
 F = Levels seen in this place.
 G = Mean time per level.
                   A        B        C        D        E       F      G
               +--------+--------+--------+--------+--------+-----+--------+
         Total |   4271 |   4147 |    124 |      0 |   2611 |   6 |  711.8 |
       Dungeon |   3815 |   3691 |    124 |      0 |   2401 |   5 |  763.0 |
       Ossuary |    456 |    456 |      0 |      0 |    210 |   1 |  456.0 |
               +--------+--------+--------+--------+--------+-----+--------+

Top non-repeatable levels by time:
     D:3: 1016 daAuts
     D:2: 1005 daAuts
     D:4: 799 daAuts
     D:1: 672 daAuts
 Ossuary: 456 daAuts
     D:5: 321 daAuts
